 Dungeon Crawl Stone Soup version 0.28.0-45-g0d030f2227 (webtiles) character file.

Game seed: 8111635310700686925

149 pkoi the Insei (level 4, -4/39 HPs)
             Began as a Demigod Gladiator on Apr 15, 2022.
             Slain by Grinder (6 damage)
             ... on level 3 of the Dungeon.
             The game lasted 00:03:55 (4118 turns).

pkoi the Insei (Demigod Gladiator)                  Turns: 4118, Time: 00:03:56

Health: -4/39      AC:  9    Str: 11 (13) XL:     4   Next: 82%
Magic:  6/6        EV:  5    Int: 13 (14) God:
Gold:   162        SH:  0    Dex: 12 (15) Spells: 3/3 levels left

rFire   + . .      SeeInvis .   l - +0 dagger (elec)
rCold   + . .      Faith    .   (no shield)
rNeg    . . .      Spirit   .   m - +0 chain mail
rPois   +          Reflect  .   o - +1 hat
rElec   +          Harm     .   (no cloak)
rCorr   +          Rampage  .   (no gloves)
Will    .....                   (no boots)
Stlth   ..........              (no amulet)
HPRegen 0.13/turn               (no ring)
MPRegen 0.10/turn               (no ring)

@: mighty, resistant, flying
A: high MP 1, forlorn, divine attributes, robust 1, weak 1
a: no special abilities


You were on level 3 of the Dungeon.
You visited 1 branch of the dungeon, and saw 3 of its levels.

You collected 162 gold pieces.

Inventory:

Hand Weapons
 d - a +0 dagger
 l - a +0 dagger of electrocution (weapon)
Missiles
 c - 3 throwing nets (quivered)
Armour
 a - a +0 leather armour
 b - a +0 helmet
 e - a +0 scale mail
 m - a +0 chain mail (worn)
 o - a +1 hat (worn)
Magical Staves
 h - a staff of poison
Scrolls
 j - a scroll of immolation
 p - 2 scrolls of identify {unknown}
 q - a scroll of blinking {unknown}
Potions
 f - 2 potions of mutation
 g - a potion of might


   Skills:
 - Level 2.0 Fighting
 - Level 1.7 Throwing
 + Level 2.0 Armour
 - Level 2.6 Dodging
 * Level 4.6 Unarmed Combat


You had 3 spell levels left.
You didn't know any spells.
Your spell library contained the following spells:

 Spells                   Type           Power      Damage    Failure   Level
 Tukima's Dance           Hex            0%         N/A       100%        3
 Anguish                  Hex/Necr       0%         N/A       100%        4
 Enfeeble                 Hex            0%         N/A       100%        7


Dungeon Overview and Level Annotations

Branches:
Dungeon (3/15)

Annotations:
D:3 Grinder


Innate Abilities, Weirdness & Mutations

You have an increased reservoir of magic. (+10% MP)
You shall have no god before yourself.
Your divine heritage dramatically boosts your attributes as you level up.
You are robust. (+10% HP)
You are weak. (Str -2)


Message History

It was a potion of might.
You feel very mighty all of a sudden. Grinder hits you but does no damage.
It was a potion of mutation.
You feel extremely strange.
You feel weaker.
You feel robust. Grinder hits you but does no damage.
It was a potion of resistance.
You feel protected. Grinder gestures at you.
You suddenly lose the ability to move!
Grinder gestures at you.
You shrug off the repeated paralysis!
Grinder zaps a wand.
The puff of flame hits you. You resist.
* * * LOW HITPOINT WARNING * * *
Grinder hits you but does no damage.
You can move again.
It was a potion of degeneration.
There was something very wrong with that liquid.
You feel weakened.
You feel dopey.
You feel clumsy.
Grinder says, "FISH!"
Grinder gestures at you.
You shrug off the repeated paralysis!
It was a potion of curing.
You feel better. Grinder hits you but does no damage.
You puncture Grinder!
Grinder is moderately wounded.
Grinder hits you.
* * * LOW HITPOINT WARNING * * *
You writhe in agony.
* * * LOW HITPOINT WARNING * * *
You barely miss Grinder.
Grinder is moderately wounded.
Grinder hits you.
* * * LOW HITPOINT WARNING * * *
You writhe in agony.
* * * LOW HITPOINT WARNING * * *
You closely miss Grinder.
Grinder is moderately wounded.
Grinder hits you.
You die...

#.#.......##.####.ยง......#
..##.####.##.# ##.#######
####.# #.##.# #.# # #.#
#.##)# #.# # #.# #.##.# #.#
# #.# #.##.# #.# #.#
##.##.# ##.## #.###...#.#
##...##
#.........###@#.#.#### ####
####..##...#...5........#
#..o
.).(..........##.#.#.##.#
#.##
##...###...#..###...###.#
#.# #.#..........# ##.##
#.# #.# #...###...##.#
#...###.######.## ##.##
##.###.# #...............#
#.# #.###.#
#...##########..# #.#
#.....# ###.##########..#


You could see Grinder.

Vanquished Creatures
  A wyvern skeleton (D:3)
  2 adders (D:2)
  A worm (D:3)
  3 orcs (D:3)
  4 ball pythons
  9 endoplasms
  5 giant cockroaches
  9 goblins
  6 hobgoblins
  2 quokkas
  8 bats
  8 frilled lizards
  6 kobolds
  7 rats
71 creatures vanquished.

Notes
Turn   | Place    | Note
-------+----------+-------------------------------------------
     0 | D:1      | pkoi the Demigod Gladiator began the quest for the Orb.
     0 | D:1      | Reached XP level 1. HP: 17/17 MP: 3/3
   338 | D:1      | Reached skill level 3 in Unarmed Combat
   711 | D:1      | Reached XP level 2. HP: 19/24 MP: 4/4
   835 | D:1      | Noticed a great orb of eyes
   899 | D:1      | Noticed a shining eye
   899 | D:1      | Noticed a floating eye
   899 | D:1      | Noticed an eye of devastation
  1504 | D:1      | Reached XP level 3. HP: 25/29 MP: 5/5
  1924 | D:2      | Reached skill level 1 in Armour
  2352 | D:2      | Reached skill level 4 in Unarmed Combat
  2882 | D:3      | Reached XP level 4. HP: 36/36 MP: 6/6
  3357 | D:3      | Noticed Grinder
  3359 | D:3      | Paralysed by Grinder for 3 turns
  4095 | D:3      | Paralysed by Grinder for 7 turns
  4109 | D:3      | Gained mutation: You are weak. (Str -2) [potion of
                  | mutation]
  4109 | D:3      | Gained mutation: You are robust. (+10% HP) [potion of
                  | mutation]
  4110 | D:3      | Paralysed by Grinder for 4 turns
  4118 | D:3      | Slain by Grinder

Illustrated notes

Levels and vault maps discovered:
D:1:      dpeg_arrival_refuge, layout_loops_ring,
          hellmonk_ecumenical_altar_watching_god
D:2:      layout_loops_ring, wander_ebering_terrifying_dragon_lair
D:3:      layout_loops_ring, uniq_grinder

Skill      XL: |  1  2  3  4 |
---------------+-------------+-----
Unarmed Combat | 3 4 |  4.6
Fighting       | 2 |  2.0
Armour         | 1 2 |  2.0
Throwing       | |  1.7
Dodging        | |  2.6

Action                   |  1- 3 |  4- 6 || total
-------------------------+-------+-------++-------
Melee: Dagger            |   162 |    74 ||   236
       Unarmed           |    53 |       ||    53
       Punch             |     4 |     4 ||     8
  Use: Scroll            |     3 |       ||     3
       Potion            |       |     7 ||     7
Armor: Scale mail        |    91 |       ||    91
       Chain mail        |    30 |    44 ||    74
Dodge: Dodged            |   123 |    28 ||   151
